 Dungeon Crawl Stone Soup version 0.18-a0-1788-g92de1ac (webtiles) character file.

36 LernaeanJelly the Conjurer (level 3, -7/24 HPs)
             Began as a Demonspawn Wizard on Apr 19, 2016.
             Killed from afar by Ijyb (18 damage)
             ... with a wand of lightning
             ... on level 2 of the Dungeon.
             The game lasted 00:03:22 (1309 turns).

LernaeanJelly the Conjurer (Demonspawn Wizard)      Turns: 1309, Time: 00:03:23

Health: -7/24      AC:  4    Str:  7    XL:     3   Next: 19%
Magic:  1/7        EV: 12    Int: 20    God:
Gold:   61         SH:  2    Dex: 11    Spells: 1 memorised, 7 levels left

rFire  . . .     SeeInvis .     h - +0 short sword
rCold  + . .     Gourm    .     a - +0 robe
rNeg   . . .     Faith    .     (no shield)
rPois  .         Spirit   .     b - +0 hat
rElec  .         Dismiss  .     (no cloak)
rCorr  .         Reflect  .     (no gloves)
SustAt .         Harm     .     (no boots)
MR     .....                    (no amulet)
Stlth  +++.......               (no ring)
                                i - ring of protection from cold

@: very slightly contaminated, not resistant to hostile enchantments, fairly
stealthy
A: large bone plates 1, nightstalker 1
a: no special abilities


You were on level 2 of the Dungeon.
You were very hungry.

You visited 1 branch of the dungeon, and saw 2 of its levels.

You collected 61 gold pieces.

Inventory:

Hand Weapons
 e - a +0 club
   (You took it off a hobgoblin on level 1 of the Dungeon)
 g - a +0 club
   (You took it off a hobgoblin on level 1 of the Dungeon)
 h - a +0 short sword (weapon)
   (You took it off a kobold on level 1 of the Dungeon)
Armour
 a - a +0 robe (worn)
 b - a +0 hat (worn)
Jewellery
 i - a ring of protection from cold (left hand)
   (You found it on level 1 of the Dungeon)
Scrolls
 j - a scroll of identify {unknown}
 l - 2 scrolls of teleportation {unknown}
 m - a scroll of noise {unknown}
Books
 c - a book of Minor Magic
Comestibles
 d - a bread ration {@e1}
 k - 2 beef jerkies


   Skills:
 - Level 1.7 Dodging
 - Level 1.7 Stealth
 - Level 3.0 Spellcasting
 + Level 3.2 Conjurations
   Level 1.0 Summonings
   Level 0.8 Translocations


You had 7 spell levels left.
You knew the following spells:

 Your Spells              Type           Power        Failure   Level  Hunger
a - Magic Dart            Conj           ###.         4%          1    None


Dungeon Overview and Level Annotations

Branches:
Dungeon (2/15)

Altars:

Annotations:
D:2 Ijyb


Innate Abilities, Weirdness & Mutations

You are partially covered in large bone plates (AC +2, SH +2).
You are slightly more attuned to the shadows.


Message History

Search for what [? for help]? @corpse&&!!rott&&!!skel&&!!sky&&!!necrop&&!!ugly&&!!vampire&&!!corpse rot&&!!&&!!botono Can't find anything matching that.
Sorry, you're not good enough to have a special ability.
There is an open door here.
There is an open door here.
A goblin comes into view. It is wielding a dagger.
A goblin is nearby!
Aim: a goblin, wielding a dagger (resting)
The magic dart hits the goblin.
The goblin shouts!
You now have 6/7 mp.
Aim: a goblin, wielding a dagger (heavily wounded)
The magic dart hits the goblin.
You kill the goblin!
You now have 5/7 mp.
You can't see any susceptible monsters within range! (Use Z to cast anyway.)
You can't see any susceptible monsters within range! (Use Z to cast anyway.)
You can't see any susceptible monsters within range! (Use Z to cast anyway.)
You may need something to eat soon, looking for food.
Search for what [Enter for "@corpse&&!!rott&&!!skel&&!!sky&&!!necrop&&!!ugly&&!!vampire&&!!corpse rot&&!!&&!!botono", or ? for help]? @corpse&&!!rott&&!!skel&&!!sky&&!!necrop&&!!ugly&&!!vampire&&!!corpse rot&&!!&&!!botono Can't find anything matching that.
Sorry, you're not good enough to have a special ability.
Found 8 gold pieces.
You see here a dagger.
You now have 61 gold pieces (gained 8).
Found a beef jerky.
MP restored: 7
k - 2 beef jerkies (gained 1)
You see here a dagger.
There is an open door here.
You open the door.
Done exploring.
You may need something to eat soon, looking for food.
Search for what [Enter for "@corpse&&!!rott&&!!skel&&!!sky&&!!necrop&&!!ugly&&!!vampire&&!!corpse rot&&!!&&!!botono", or ? for help]? @corpse&&!!rott&&!!skel&&!!sky&&!!necrop&&!!ugly&&!!vampire&&!!corpse rot&&!!&&!!botono Can't find anything matching that.
Sorry, you're not good enough to have a special ability.
Done exploring.
Done exploring.
Done exploring.
Done exploring.
(D) Dungeon
Where to? (? - help)
There is an open door here.
You see here 2 stones.
You see here 18 stones.
There is a stone staircase leading down here.
You are feeling very hungry.
You climb downwards.
There is a stone staircase leading up here.
You may need something to eat soon, looking for food.
Search for what [Enter for "@corpse&&!!rott&&!!skel&&!!sky&&!!necrop&&!!ugly&&!!vampire&&!!corpse rot&&!!&&!!botono", or ? for help]? @corpse&&!!rott&&!!skel&&!!sky&&!!necrop&&!!ugly&&!!vampire&&!!corpse rot&&!!&&!!botono Can't find anything matching that.
Sorry, you're not good enough to have a special ability.
A kobold comes into view. It is wielding a short sword.
The kobold shouts!
A goblin comes into view.
There are monsters nearby!
There are monsters nearby!
There are monsters nearby!
Aim: a kobold, wielding a short sword The magic dart hits the kobold.
The goblin shouts!
You now have 6/7 mp.
Aim: a kobold, wielding a short sword (severely wounded)
The magic dart hits the kobold.
You now have 5/7 mp.
Aim: a kobold, wielding a short sword (severely wounded)
You miscast Magic Dart.
You are very lightly contaminated with residual magic.
The air around you crackles with energy!
You now have 4/7 mp.
Aim: a kobold, wielding a short sword (severely wounded)
You miscast Magic Dart.
You smell something strange.
Ijyb the Twisted Goblin comes into view.
You now have 3/7 mp.
Aim: a kobold, wielding a short sword (severely wounded)
The magic dart hits the kobold.
You kill the kobold!
Ijyb shouts!
You now have 2/7 mp.
Aim: a goblin The magic dart hits the goblin.
Ijyb zaps a wand.
The bolt of lightning hits you!
Ouch! That really hurt!
* * * LOW HITPOINT WARNING * * *
It is a wand of lightning.
Aim: a goblin (moderately wounded)
The magic dart hits the goblin.
You kill the goblin!
You don't have enough magic to cast that spell.
Unknown command.
You take 14 damage, and have 10/24 hp.
MASSIVE DAMAGE!!
You now have 0/7 mp.
Ijyb zaps a wand.
The bolt of lightning hits you!
Ouch! That really hurt!
You die...

.# .# # ####.#
#. ..#.#
###.###.#.#
.......<#.###
#.....@....#
#....#.####...
###......#
#.......##
.##.....#
#.g#..#
#..#..#
#..####
#.g...#


You could see Ijyb.

Vanquished Creatures
  A dart slug (D:1)
  4 bats (D:1)
  3 giant cockroaches (D:1)
  5 goblins
  3 hobgoblins (D:1)
  5 jackals (D:1)
  A ball python (D:1)
  6 kobolds
  A rat (D:1)
29 creatures vanquished.

Notes
Turn   | Place    | Note
--------------------------------------------------------------
     0 | D:1      | LernaeanJelly the Demonspawn Wizard began the quest for the Orb.
     0 | D:1      | Reached XP level 1. HP: 13/13 MP: 4/4
   170 | D:1      | Reached skill level 2 in Conjurations
   210 | D:1      | Gained mutation: You are partially covered in large bone plates (AC +2, SH +2). [demonic ancestry]
   210 | D:1      | Reached XP level 2. HP: 19/19 MP: 0/6
   789 | D:1      | Reached skill level 3 in Conjurations
   799 | D:1      | Gained mutation: You are slightly more attuned to the shadows. [demonic ancestry]
   799 | D:1      | Reached XP level 3. HP: 12/24 MP: 1/7
  1298 | D:2      | Noticed Ijyb
  1309 | D:2      | Killed from afar by Ijyb

Vault maps used:
D:1:      minmay_arrival_solitary_statue, serial_forest,
          infiniplex_forest_clump_tiny, infiniplex_forest_clump_C,
          infiniplex_forest_straight_2, infiniplex_forest_clump_C,
          infiniplex_forest_fountain, infiniplex_forest_straight_2,
          infiniplex_forest_lined_1
D:2:      minitemple, uniq_iyjb

Skill      XL: |  1  2 |
---------------+-------+-----
Conjurations   | 2 3 |  3.2
Dodging        | |  1.7
Stealth        | |  1.7
Spellcasting   | |  3.0
Summonings     | |  1.0
Translocations | |  0.8

Action                   || total
-------------------------++-------
Melee: Short sword       ||    25
 Cast: Magic Dart        ||    54
Armor: Robe              ||    11
Dodge: Dodged            ||    25
Block: Other             ||     2

Vault maps used:
D:1:      minmay_arrival_solitary_statue, serial_forest,
          infiniplex_forest_clump_tiny, infiniplex_forest_clump_C,
          infiniplex_forest_straight_2, infiniplex_forest_clump_C,
          infiniplex_forest_fountain, infiniplex_forest_straight_2,
          infiniplex_forest_lined_1
D:2:      minitemple, uniq_iyjb

Table legend:
 A = Turns spent in this place as a percentage of turns spent in the entire game.
 B = Non-inter-level travel turns spent in this place as a percentage of non-inter-level travel turns spent in the entire game.
 C = Inter-level travel turns spent in this place as a percentage of turns spent in this place.
 D = Turns resting spent in this place as a percentage of non-inter-level travel turns spent in this place.
 E = Turns spent auto-exploring this place as a percentage of non-inter-level travel turns spent in this place.
 F = Non-inter-level travel turns spent in this place divided by the number of levels of this place that you've seen.
                   A       B       C       D       E      F
               +-------+-------+-------+-------+-------+----------------------
         Total | 100.0 | 100.0 |   0.2 |   4.5 |  11.9 | 264.0
       Dungeon | 100.0 | 100.0 |   0.2 |   4.5 |  11.9 | 264.0
               +-------+-------+-------+-------+-------+----------------------

Table legend:
 A = Kills in this place as a percentage of kills in entire the game.
 B = Kills by you in this place as a percentage of kills by you in the entire game.
 C = Kills by friends in this place as a percentage of kills by friends in the entire game.
 D = Other kills in this place as a percentage of other kills in the entire game.
 E = Experience gained in this place as a percentage of experience gained in the entire game.
 F = Experience gained in this place divided by the number of levels of this place that you have seen.
                   A       B       C       D       E      F
               +-------+-------+-------+-------+-------+----------------------
         Total | 100.0 | 100.0 |  -nan |  -nan | 100.0 |  26.0
       Dungeon | 100.0 | 100.0 |  -nan |  -nan | 100.0 |  26.0
               +-------+-------+-------+-------+-------+----------------------
